 Dungeon Crawl Stone Soup version 0.18-a0-1105-ge9caa06 (console) character file.

989 FIQ the Protected (level 8, -2/64 HPs)
             Began as a Hill Orc Monk on Jan 16, 2016.
             Slain by zoolka's ghost (3 damage)
             ... on level 6 of the Dungeon.
             The game lasted 00:07:56 (2956 turns).

FIQ the Protected (Hill Orc Monk)                   Turns: 2956, Time: 00:07:56

Health: -2/64      AC: 15    Str: 20    XL:     8   Next: 18%
Magic:  8/8        EV: 12    Int: 10    God:
Gold:   88         SH:  4    Dex: 20    Spells: 0 memorised, 7 levels left

rFire  . . .     SeeInvis .       - Unarmed
rCold  . . .     Gourm    .     w - +0 plate armour
rNeg   . . .     Faith    .     i - +0 buckler (curse)
rPois  .         Spirit   .     (no helmet)
rElec  .         Dismiss  .     (no cloak)
rCorr  .         Reflect  .     (no gloves)
SustAt .         Harm     .     u - +0 pair of boots
MR     .....                    a - amulet of magic regeneration
Stlth  ..........               p - +3 ring of strength
                                g - +3 ring of strength

@: agile, lethally poisoned (-2 -> -59), very slightly contaminated, hasted,
very quick, not resistant to hostile enchantments, extremely unstealthy
A: no striking features
a: no special abilities


You were on level 6 of the Dungeon.
You were hungry.

You visited 1 branch of the dungeon, and saw 6 of its levels.

You collected 88 gold pieces.

Inventory:

Armour
 i - a cursed +0 buckler (worn)
 j - the +2 robe of Pathos {MR++ Int+4 Dex-3 Stlth-}
   (You found it on level 5 of the Dungeon)

   It affects your intelligence (+4).
   It affects your dexterity (-3).
   It affects your resistance to hostile enchantments.
   It makes you less stealthy.
 u - a +0 pair of boots (worn)
 w - a +0 plate armour (worn)
Jewellery
 a - an amulet of magic regeneration (around neck)
 g - a +3 ring of strength (left hand)
 n - an uncursed ring of protection from cold
 p - a +3 ring of strength (right hand)
Scrolls
 c - 2 scrolls of remove curse {unknown}
 d - 5 scrolls of identify
 e - a scroll of teleportation {unknown}
 m - a scroll of recharging {unknown}
 o - a scroll of blinking {unknown}
 q - 2 scrolls of immolation {unknown}
 t - a scroll of amnesia {unknown}
Comestibles
 b - a bread ration
 h - a royal jelly
 k - 4 fruits
 r - a beef jerky
 s - a slice of pizza


   Skills:
 - Level 3.6 Fighting
 + Level 9.9 Armour
 - Level 2.4 Dodging
 - Level 1.5 Stealth
 - Level 4.3 Unarmed Combat


You had 7 spell levels left.
You didn't know any spells.

Dungeon Overview and Level Annotations

Branches:
Dungeon (6/15)             Temple (0/1) D:4

Altars:
Ashenzari
Dithmenos
Trog

Annotations:
D:6 zoolka's ghost, novice MiBe


Message History

You are too injured to fight recklessly!
You are too injured to fight recklessly!
You are too injured to fight recklessly!
You are too injured to fight recklessly!
You hit zoolka's ghost but do no damage.
Zoolka's ghost is moderately damaged.
* * * LOW HITPOINT WARNING * * *
You feel very sick.
Zoolka's ghost hits you but does no damage.
You are more poisoned.
You closely miss zoolka's ghost.
Zoolka's ghost is lightly damaged.
* * * LOW HITPOINT WARNING * * *
You feel very sick.
You closely miss zoolka's ghost.
Zoolka's ghost is lightly damaged.
* * * LOW HITPOINT WARNING * * *
You feel very sick. Zoolka's ghost hits you.
You die...

#### #########
#... .........
##.###.....>.
#.........#
##.#....#.#.##
#<............
####.#W#..#.#.
#.#@# .# ..#.#
# .#....
.#.#.## #
#.#.# #.#.#
#.# #.#


You could see zoolka's ghost.

Vanquished Creatures
  Menkaure (D:5)
  An ice beast (D:5)
  2 ogres (D:4)
  2 centaurs (D:5)
  A giant frog (D:6)
  A water moccasin skeleton (D:5)
  A scorpion (D:4)
  A crimson imp (D:5)
  A hound (D:5)
  A giant frog skeleton (D:5)
  3 worker ants
  A hound zombie (D:5)
  A hound skeleton (D:5)
  A worker ant zombie (D:5)
  3 adders (D:5)
  A shadow imp (D:5)
  3 oozes
  An adder skeleton (D:5)
  3 giant geckos (D:1)
  2 orcs
  A ball python (D:1)
  4 bats
  A giant cockroach (D:1)
  A goblin (D:1)
  8 hobgoblins
  3 jackals (D:5)
  A quokka (D:4)
  2 giant newts
  4 kobolds (D:1)
  2 rats (D:1)
58 creatures vanquished.

Notes
Turn   | Place    | Note
--------------------------------------------------------------
     0 | D:1      | FIQ the Hill Orc Monk began the quest for the Orb.
     0 | D:1      | Reached XP level 1. HP: 19/19 MP: 1/1
   134 | D:1      | Reached skill level 1 in Armour
   146 | D:1      | Reached XP level 2. HP: 15/26 MP: 2/2
   337 | D:1      | Reached XP level 3. HP: 5/31 MP: 3/3
   979 | D:3      | Found a shadowy altar of Dithmenos.
  1259 | D:4      | Noticed an ogre
  1271 | D:4      | Killed an ogre
  1271 | D:4      | Reached skill level 5 in Armour
  1271 | D:4      | Reached XP level 4. HP: 30/39 MP: 4/4
  1271 | D:4      | Reached XP level 5. HP: 34/45 MP: 5/5
  1462 | D:4      | Noticed an ogre
  1471 | D:4      | Killed an ogre
  1471 | D:4      | Reached skill level 6 in Armour
  1471 | D:4      | Reached XP level 6. HP: 43/51 MP: 6/6
  1713 | D:4      | Found a staircase to the Ecumenical Temple.
  1723 | D:5      | Entered Level 5 of the Dungeon
  1910 | D:5      | Reached skill level 7 in Armour
  1919 | D:5      | Reached XP level 7. HP: 30/57 MP: 7/7
  2135 | D:5      | Reached skill level 8 in Armour
  2216 | D:5      | Found a bloodstained altar of Trog.
  2216 | D:5      | Found a shattered altar of Ashenzari.
  2240 | D:5      | Noticed Menkaure
  2254 | D:5      | Killed Menkaure
  2521 | D:5      | Reached skill level 9 in Armour
  2526 | D:5      | Got a heavily jewelled robe
  2564 | D:5      | Reached XP level 8. HP: 58/64 MP: 8/8
  2565 | D:5      | Identified the +2 robe of Pathos {MR++ Int+4 Dex-3 Stlth-} (You found it on level 5 of the Dungeon)
  2912 | D:6      | Noticed zoolka's ghost (novice MiBe)
  2956 | D:6      | HP: 1/64 [poisoned by zoolka's ghost]
  2956 | D:6      | Slain by zoolka's ghost

Vault maps used:
D:1:      saegor_arrival_simple_c
D:2:      first_bread, minmay_gold_behind_fungi, minivault_27
D:3:      nicolae_dithmenos_shadow_blocks
D:4:      kennysheep_little_box, minmay_temple_entry_mist, kennysheep_diamond
D:5:      gammafunk_temple_overflow_statue, uniq_menkaure
D:6:      kennysheep_windowed_halls, chei_slow_surprise

Action                   |  1- 3 |  4- 6 |  7- 9 || total
-------------------------+-------+-------+-------++-------
Melee: Unarmed           |   136 |    77 |   224 ||   437
  Use: Potion            |     1 |     1 |     4 ||     6
       Scroll            |       |       |     1 ||     1
 Stab: Sleeping          |     1 |       |       ||     1
  Eat: Chunk             |     1 |     2 |     4 ||     7
